Map: Lost and Found LE

Players

YoGo

  • Race: Zerg Zerg
  • Spawn Location: 1:00

soul - Winner!

  • Race: Terran Terran
  • Spawn Location: 7:00

Event: WCS Valencia 2018

VOD

Have the link to the VOD?

Description

Time

  • Played on: July 12, 2018, 6:23 a.m.
  • Length: 17:12

All games in this series

Show
View Real Time Build Order
Export as new Build Order

YoGo Zerg 

Build Orders: Pool First, Muta Ling Bane 

Get SALT Encoding   

  12  0:00  Drone  
  13  0:13  Overlord  
  13  0:18  Drone  
  14  0:32  Drone  
  14  0:33  Drone  
  16  0:37  Drone  
  17  0:45  Spawning Pool  
  17  0:47  Drone  
  17  1:09  Hatchery  
  16  1:11  Drone  
  16  1:14  Drone  
  19  1:18  Drone  
  19  1:21  Extractor  
  18  1:30  Drone  
  18  1:32  Queen  
  21  1:40  Overlord  
  21  1:51  Drone  
  22  2:02  Zergling x2  
  22  2:07  Queen  
  25  2:14  Zergling x2  
  26  2:21  Queen  
  28  2:25  Metabolic Boost  
  28  2:29  Overlord  
  28  2:30  Drone  
  28  2:32  Drone  
  28  2:35  Drone  
  31  2:41  Drone x3  
  31  2:43  Drone  
  34  2:57  Hatchery  
  33  3:06  Drone x3  
  33  3:07  Drone  
  33  3:10  Drone  
  33  3:11  Drone  
  39  3:15  Overlord  
  39  3:21  Drone  
  39  3:26  Zergling x8  
  43  3:37  Queen x2  
  43  3:41  Drone x3  
  50  3:51  Drone  
  50  3:52  Overlord x2  
  51  3:56  Spine Crawler  
  50  4:10  Drone x6  
  50  4:12  Overlord x2  
  50  4:15  Queen  
  58  4:18  Queen  
  60  4:25  Evolution Chamber  
  60  4:26  Evolution Chamber  
  60  4:29  Zergling x6  
  61  4:32  Drone x2  
  61  4:33  Drone  
  61  4:37  Drone x3  
  67  4:40  Drone  
  68  4:46  Spore Crawler  
  68  4:47  Spore Crawler  
  68  4:48  Drone x2  
  68  4:49  Drone x2  
  70  4:55  Zerg Ground Armor Level 1  
  70  4:56  Zerg Melee Weapons Level 1  
  70  4:58  Spore Crawler  
  69  5:01  Drone x2  
  71  5:08  Overlord x2  
  71  5:09  Drone x2  
  71  5:10  Drone  
  73  5:18  Overlord  
  73  5:19  Overlord  
  73  5:23  Extractor  
  73  5:24  Extractor  
  73  5:25  Zergling x4  
  73  5:28  Lair  
  73  5:29  Extractor x2  
  73  5:30  Drone x4  
  73  5:31  Drone  
  73  5:32  Drone  
  73  5:34  Drone x2  
  79  5:38  Drone x2  
  81  5:49  Drone x8  
  89  5:54  Baneling Nest  
  88  6:01  Zergling x14  
  88  6:02  Zergling x2  
  96  6:16  Zergling x4, Hatchery  
  96  6:23  Drone x2  
  94  6:35  Drone  
  94  6:36  Hatchery, Drone x3  
  97  6:40  Centrifical Hooks  
  97  6:44  Overlord x3  
  97  6:49  Zergling x2  
  97  6:54  Overlord, Zerg Melee Weapons Level 2  
  97  6:55  Zerg Ground Armor Level 2  
  97  7:00  Zergling x2  
  97  7:01  Zergling x6  
  98  7:04  Zergling x12  
  103  7:08  Zergling x4  
  103  7:14  Spire  
  96  7:26  Drone x4  
  100  7:35  Drone x3  
  100  7:36  Drone  
  102  7:50  Baneling x4  
  102  7:52  Extractor  
  102  7:57  Zergling x2  
  102  7:58  Zergling x16  
  109  8:03  Baneling x4  
  109  8:04  Zergling x18  
  109  8:05  Zergling x2  
  119  8:09  Baneling x2  
  119  8:17  Infestation Pit  
  119  8:19  Drone x4  
  120  8:27  Mutalisk x8  
  120  8:30  Zergling x4  
  120  8:31  Zergling x2  
  139  8:37  Zergling x2  
  139  8:38  Zergling x4  
  139  8:39  Overlord x3  
  139  8:40  Overlord  
  141  8:52  Baneling x15  
  141  8:53  Zergling x2  
  141  8:54  Overlord x2  
  141  8:55  Overlord x3  
  137  9:06  Mutalisk x2  
  137  9:09  Zergling x20  
  143  9:11  Baneling x5  
  143  9:16  Zergling x6  
  146  9:21  Zergling x4  
  145  9:24  Zergling x2  
  145  9:26  Baneling x5  
  145  9:27  Baneling x5  
  146  9:33  Zergling x12  
  151  9:44  Zergling x2, Hive  
  151  9:45  Zergling x10  
  153  9:48  Zergling x4  
  153  9:49  Zergling x2  
  155  9:57  Zergling x2  
  155  9:58  Zergling x2  
  155  9:59  Zergling x4  
  139  10:01  Zergling x4  
  139  10:02  Zergling x8  
  139  10:04  Zergling x2  
  137  10:08  Zergling x6, Queen x2  
  137  10:10  Zergling x2  
  139  10:15  Drone  
  140  10:26  Zergling x20  
  140  10:27  Zergling x2  
  128  10:29  Queen x2  
  128  10:34  Zergling x2  
  128  10:35  Zergling x8  
  133  10:42  Zergling x6  
  136  10:43  Zergling x4  
  136  10:46  Baneling x5  
  136  10:47  Baneling x5  
  138  10:52  Baneling x2  
  138  10:53  Baneling x8  
  138  10:54  Zergling x16  
  146  11:00  Zerg Melee Weapons Level 3  
  146  11:01  Zerg Ground Armor Level 3  
  146  11:02  Adrenal Glands  
  146  11:03  Zergling x4  
  148  11:07  Baneling x8  
  146  11:23  Zergling x20  
  148  11:35  Hatchery  
  144  11:43  Zergling x38  
  144  11:46  Drone  
  155  11:48  Drone x2  
  155  11:49  Drone  
  145  12:04  Zergling x14  
  145  12:08  Zergling x8  
  141  12:12  Ultralisk Cavern  
  140  12:16  Baneling x13  
  140  12:19  Zergling x6  
  143  12:27  Hatchery  
  140  12:30  Zergling x18  
  140  12:34  Zergling x8  
  148  12:40  Zergling x10  
  118  13:01  Ultralisk x3  
  124  13:09  Mutalisk x2  
  124  13:10  Mutalisk  
  127  13:26  Spine Crawler  
  121  13:27  Spore Crawler  
  121  13:32  Ultralisk x3  
  121  13:34  Chitinous Plating  
  128  13:37  Zergling x10  
  132  13:45  Zergling x14  
  138  13:52  Zergling x2  
  138  13:53  Zergling x10  
  144  13:56  Zerg Flyer Weapons Level 1  
  144  14:03  Spore Crawler  
  144  14:04  Drone x6  
  149  14:10  Baneling x9  
  149  14:12  Zergling x2  
  149  14:13  Zergling x2  
  149  14:16  Baneling  
  149  14:29  Ultralisk x2  
  137  14:45  Ultralisk  
  127  14:53  Zergling x10  
  127  14:54  Zergling x6  
  127  14:58  Zergling x8  
  124  15:01  Zergling x4  
  106  15:08  Zergling x6  
  106  15:10  Zergling x2  
  102  15:14  Zergling x2  
  102  15:15  Drone  
  90  15:33  Baneling x6  
  90  15:34  Baneling x7  
  90  15:53  Hatchery  
  89  15:59  Infestor x2  
  92  16:06  Infestor  
  94  16:15  Infestor x2  
  98  16:18  Zergling x2  
  99  16:33  Queen  
  99  16:35  Overseer  
  99  16:41  Baneling x2  
Show
View Real Time Build Order
Export as new Build Order

soul Terran - Winner!

Build Orders: Liberator Opening, Reaper Expand, Bio Mine 

Get SALT Encoding   

  12  0:00  SCV  
  13  0:13  SCV  
  14  0:17  Supply Depot  
  14  0:25  SCV  
  15  0:39  SCV  
  15  0:40  Barracks  
  16  0:44  Refinery  
  16  0:51  SCV  
  17  1:03  SCV  
  18  1:19  SCV  
  19  1:27  Reaper  
  19  1:31  Orbital Command  
  20  1:41  Command Center  
  20  1:48  Supply Depot  
  20  1:57  SCV  
  20  1:59  Marine  
  22  2:06  Factory  
  22  2:09  SCV  
  22  2:13  Refinery  
  23  2:21  SCV  
  23  2:22  Barracks Reactor  
  24  2:33  SCV  
  25  2:45  SCV  
  25  2:51  Starport  
  26  2:54  Orbital Command  
  26  2:58  SCV  
  27  3:04  Hellion x2  
  27  3:05  Barracks Tech Lab  
  30  3:10  SCV  
  31  3:19  SCV  
  32  3:22  SCV  
  32  3:26  Hellion  
  35  3:28  Supply Depot  
  35  3:31  SCV  
  35  3:33  Marine  
  37  3:34  Viking, SCV  
  40  3:44  SCV  
  40  3:45  Supply Depot  
  40  3:46  SCV  
  40  3:47  Liberator  
  42  3:51  Hellion  
  42  3:52  Barracks Tech Lab  
  44  3:56  SCV  
  44  3:58  SCV  
  46  4:08  SCV  
  50  4:10  SCV  
  50  4:15  Hellion x2  
  55  4:19  Stimpack, Marine  
  55  4:20  SCV  
  55  4:22  SCV  
  58  4:32  SCV, Command Center  
  58  4:34  Supply Depot, SCV  
  58  4:36  Marine  
  61  4:44  SCV  
  62  4:46  Barracks  
  62  4:47  Factory Reactor, Barracks  
  62  4:56  SCV x2, Marine  
  62  4:59  Starport Reactor  
  64  5:03  Engineering Bay  
  64  5:06  Engineering Bay  
  64  5:08  SCV x2  
  64  5:13  Marine  
  67  5:16  Refinery  
  67  5:17  Supply Depot, Refinery  
  67  5:20  SCV x2  
  69  5:29  Supply Depot  
  69  5:31  Marine  
  69  5:33  Terran Infantry Armor Level 1, Terran Infantry Weapons Level 1  
  70  5:38  Marine x2  
  70  5:39  SCV x2  
  70  5:40  Supply Depot  
  74  5:43  Medivac x2  
  74  5:44  Marine  
  74  5:49  Marine, Orbital Command  
  80  5:50  Marine  
  80  5:52  Supply Depot  
  80  5:54  SCV x2  
  80  5:56  Marine x2  
  85  6:01  Marine, Siege Tank  
  89  6:06  SCV x2  
  89  6:07  Marine  
  89  6:08  Marine  
  93  6:12  Orbital Command  
  93  6:13  Medivac x2  
  93  6:14  Marine x2  
  93  6:18  SCV x2  
  101  6:19  Marine  
  101  6:24  Combat Shields  
  101  6:25  Marine  
  101  6:26  Marine  
  101  6:30  SCV  
  101  6:31  Armory  
  101  6:32  Supply Depot, SCV, Marine x2  
  106  6:37  SCV  
  106  6:38  Marine  
  105  6:42  SCV  
  105  6:43  Marine  
  105  6:44  SCV, Marine  
  109  6:49  SCV  
  109  6:50  Marine  
  109  6:53  Marine, Barracks x2  
  111  6:54  SCV  
  111  6:56  Marine  
  111  7:00  Marine  
  114  7:01  Marine  
  114  7:03  SCV  
  114  7:08  Medivac x2  
  120  7:09  Supply Depot  
  120  7:10  Supply Depot  
  120  7:12  Supply Depot  
  120  7:14  Marine x3  
  123  7:18  SCV x2, Marine  
  123  7:19  Marine  
  125  7:30  SCV  
  125  7:31  Terran Infantry Weapons Level 2  
  125  7:32  Marine x3  
  125  7:33  Supply Depot, Refinery  
  129  7:38  Medivac x2  
  129  7:40  Marine  
  133  7:46  Refinery  
  133  7:47  Terran Infantry Armor Level 2  
  133  7:48  Factory, SCV  
  134  7:54  SCV  
  134  7:55  Command Center  
  134  7:56  SCV, Marine  
  134  7:57  Supply Depot, Marine x2  
  140  7:58  Marine  
  140  8:00  Marine  
  140  8:03  Barracks Reactor x2  
  140  8:04  Siege Tank  
  144  8:14  Marine x3  
  144  8:16  Marine  
  144  8:18  Marine  
  147  8:31  SCV x3  
  147  8:32  Marine x3, Barracks  
  147  8:33  Barracks  
  153  8:35  Barracks  
  153  8:36  Marine, Siege Tank  
  157  8:43  SCV x2  
  157  8:46  Factory Tech Lab  
  157  8:48  Supply Depot, Marine  
  159  8:49  Marine  
  159  8:50  Marine x4  
  159  8:52  Terran Vehicle And Ship Armor Level 1  
  164  9:04  Marine x3  
  164  9:08  Sensor Tower  
  164  9:09  Thor, Siege Tank  
  172  9:10  Missile Turret, Planetary Fortress  
  172  9:13  Missile Turret  
  171  9:22  Marine, Drilling Claws  
  161  9:25  Marine  
  161  9:26  Barracks Tech Lab x2  
  161  9:27  Barracks Tech Lab  
  161  9:31  SCV, Missile Turret  
  163  9:32  Marine  
  163  9:33  Marine x2  
  163  9:34  Marine x3  
  163  9:36  Marine  
  166  9:40  Marine  
  166  9:41  Siege Tank  
  166  9:43  Marine  
  166  9:45  Marine  
  165  9:46  Marine  
  165  9:47  Marauder  
  165  9:50  Marine  
  169  9:53  Marine  
  169  9:54  Marine, Marauder  
  169  9:56  Marine  
  169  9:58  Marine  
  166  10:00  Marine  
  166  10:01  Marine  
  166  10:02  Marine  
  166  10:03  Marine  
  166  10:04  Marine  
  146  10:07  Marine  
  146  10:08  Marine  
  146  10:11  Marine x2  
  146  10:12  Terran Infantry Weapons Level 3  
  146  10:13  Marine  
  143  10:15  Marine  
  143  10:16  Terran Infantry Armor Level 3, Marine  
  143  10:17  Marine  
  143  10:19  Marine x2  
  143  10:21  Marine, Siege Tank  
  151  10:25  Marine  
  153  10:30  Command Center  
  153  10:34  Widow Mine  
  154  10:47  Marine x8, Marauder  
  166  10:51  Marauder  
  166  10:56  Widow Mine  
  168  11:04  Widow Mine, Marauder  
  170  11:05  Marine  
  173  11:16  Supply Depot  
  173  11:18  Marine x2  
  173  11:19  Supply Depot  
  173  11:20  Supply Depot, Marine  
  173  11:21  Command Center  
  173  11:24  Marine  
  173  11:25  Marine  
  165  11:37  Marine x2  
  165  11:38  Widow Mine  
  165  11:40  Marine x2  
  165  11:41  Widow Mine, Marine x2, Marauder x2  
  165  11:42  Marine x2  
  165  11:44  SCV  
  176  11:49  SCV  
  176  11:51  Bunker  
  176  11:56  Planetary Fortress  
  176  11:59  Marine x6  
  176  12:01  Marine  
  172  12:04  Marine  
  172  12:05  Marine x3  
  172  12:08  Widow Mine  
  168  12:17  SCV  
  168  12:18  SCV x2  
  168  12:21  Liberator  
  168  12:22  Marine  
  171  12:25  Marine  
  171  12:26  Marine  
  171  12:27  Marine  
  171  12:29  Marine  
  173  12:30  SCV x3  
  173  12:37  Supply Depot x2  
  173  12:39  Marine  
  173  12:40  Marauder  
  173  12:42  SCV x2  
  181  12:50  Marine  
  181  12:51  Marauder  
  183  12:53  Marine  
  183  12:54  SCV  
  175  13:00  Marine  
  175  13:01  Marauder  
  175  13:03  Medivac  
  151  13:05  Marine x3  
  151  13:06  SCV, Marauder  
  151  13:08  Marine  
  151  13:11  Widow Mine x2, Marine  
  151  13:12  Widow Mine  
  165  13:16  Marine  
  165  13:17  Ghost Academy, Marauder  
  165  13:18  Starport  
  165  13:19  Marine, Marauder  
  171  13:21  Medivac  
  171  13:22  Marine  
  171  13:23  Marine  
  175  13:27  Marine  
  175  13:28  Marine  
  175  13:32  Marine  
  175  13:33  Widow Mine x2  
  174  13:39  Command Center  
  179  13:46  Medivac  
  184  13:51  Medivac  
  184  13:52  Marauder x5  
  184  13:55  Starport Reactor  
  185  13:58  Liberator  
  185  14:10  Marine  
  185  14:11  Command Center  
  185  14:12  Missile Turret  
  185  14:13  Marauder  
  185  14:15  Marine  
  185  14:16  Reaper  
  190  14:17  Liberator x3  
  190  14:18  Marine  
  190  14:22  Marine  
  189  14:29  Marine  
  189  14:30  Marine  
  191  14:37  Marine  
  191  14:38  Marine, Marauder  
  195  14:41  Liberator, Marine, Marauder  
  195  14:45  Marine x2  
  195  14:51  Marine x4  
  190  14:55  Marine  
  190  14:56  Marine  
  190  14:57  SCV  
  127  15:00  Liberator  
  190  15:14  Ghost  
  190  15:15  Ghost x4  
  190  15:16  Marine  
  190  15:17  Marine  
  190  15:18  Marine  
  190  15:19  Marine  
  180  15:22  Liberator  
  180  15:23  Marine  
  180  15:27  Planetary Fortress  
  170  15:37  Marine  
  170  15:40  Marine  
  170  15:42  Marine  
  176  15:43  Ghost x3  
  176  15:44  Marauder x2  
  176  15:47  Refinery  
  176  15:48  Refinery  
  186  15:50  SCV x3  
  186  15:51  SCV  
  186  15:53  Marine  
  186  15:55  Marine  
  187  16:02  SCV  
  187  16:03  SCV  
  187  16:05  Widow Mine x2, Marauder  
  187  16:09  Marine x5  
  198  16:12  Marine x2  
  198  16:17  SCV x2  
  196  16:21  Marine  
  197  16:26  Bunker  
  200  17:03  Command Center  
Tags
 
Add a new tag
Caveats
  • Supply blocks, unpowered buildings, or Contaminate may cause inaccurate times.
  • Supply counts are checked every 10 seconds.